Map: Moebius Facility XX-1

Players

JoLasticot

  • Race: Terran Terran
  • League: Diamond
  • Spawn Location: 7:00

Noziix

  • Race: Terran Terran
  • Spawn Location: 1:00

Nimgalad

  • Race: Protoss Protoss
  • Spawn Location: 12:00

Aragarn

  • Race: Terran Terran
  • League: Silver
  • Spawn Location: 6:00

Loken - Winner!

  • Race: Protoss Protoss
  • League: Platinum
  • Spawn Location: 12:00

Rugi - Winner!

  • Race: Terran Terran
  • League: Master
  • Spawn Location: 5:00

Myran - Winner!

  • Race: Protoss Protoss
  • Spawn Location: 11:00

dallaskuken - Winner!

  • Race: Protoss Protoss
  • League: Platinum
  • Spawn Location: 6:00

VOD

Have the link to the VOD?

Description

Time

  • Played on: March 30, 2017, 3:45 p.m.
  • Length: 10:48
Show
View Real Time Build Order
Export as new Build Order

JoLasticot Terran 

Build Orders:  

Get SALT Encoding   

  12  0:01  SCV  
  14  0:14  SCV  
  14  0:18  Supply Depot  
  14  0:25  Refinery  
  14  0:28  SCV  
  15  0:43  Barracks  
  15  0:46  SCV  
  16  0:58  SCV  
  17  1:07  Refinery  
  17  1:10  SCV  
  18  1:22  SCV  
  18  1:23  Barracks  
  19  1:34  Barracks Reactor, SCV  
  20  1:47  Supply Depot  
  20  1:52  Orbital Command  
  20  2:06  Barracks  
  20  2:14  Barracks Reactor  
  20  2:17  Reaper  
  20  2:19  Reaper  
  22  2:28  SCV  
  23  2:45  SCV  
  23  2:50  Reaper  
  25  2:51  Reaper  
  25  2:58  Reaper x3  
  29  3:22  Reaper  
  29  3:23  Reaper  
  31  3:50  Supply Depot  
  31  3:54  Supply Depot x2  
  31  4:06  Reaper x2  
  31  4:11  Reaper x3  
  31  4:12  SCV  
  34  4:25  SCV  
  34  4:27  Command Center  
  35  4:38  Reaper x2  
  34  4:43  Reaper x2  
  34  4:44  Reaper  
  38  5:03  Refinery  
  38  5:06  Refinery  
  38  5:10  Reaper  
  38  5:11  Reaper  
  36  5:34  Reaper  
  36  5:35  Reaper x2  
  39  5:42  Orbital Command, Reaper  
  40  5:43  Reaper  
  40  5:46  SCV  
  42  5:58  SCV  
  42  5:59  Engineering Bay  
  42  6:07  Reaper x3  
  42  6:10  SCV  
  39  6:14  Reaper  
  39  6:15  Reaper  
  37  6:22  SCV  
  32  6:34  SCV  
  32  6:39  Reaper x3  
  36  6:46  Reaper  
  36  6:47  Reaper  
  36  6:53  SCV x2  
  39  7:02  Factory  
  39  7:05  SCV x2  
  41  7:11  Reaper x2  
  41  7:14  Barracks Tech Lab  
  41  7:15  Barracks  
  43  7:17  SCV x2  
  45  7:29  SCV  
  47  7:30  SCV  
  47  7:31  Terran Infantry Weapons Level 1  
  47  7:42  SCV x2  
  49  7:52  Factory Reactor  
  49  7:54  SCV x2, Starport  
  50  8:06  SCV x2  
  51  8:18  SCV  
  52  8:26  Engineering Bay  
  52  8:29  Armory  
  52  8:38  Barracks Reactor  
  52  8:46  Command Center  
  49  8:49  Marine  
  49  8:50  Marine x4  
  50  9:07  Marine x4  
  50  9:08  Marine  
  38  9:25  Marine x5  
  34  9:31  Marine  
  34  9:32  Marine  
  36  9:43  Marine x5  
  39  9:49  Marine  
  30  10:00  Marine  
  30  10:01  Marine x4  
  30  10:02  Marine  
  29  10:18  Marine  
  29  10:19  Marine x4  
  29  10:20  Marine  
Show
View Real Time Build Order
Export as new Build Order

Noziix Terran 

Build Orders:  

Get SALT Encoding   

  12  0:01  SCV  
  13  0:13  SCV  
  14  0:25  SCV, Supply Depot  
  15  0:47  SCV  
  16  1:02  Barracks  
  16  1:05  SCV  
  16  1:10  Refinery  
  17  1:17  SCV  
  18  1:23  Supply Depot  
  18  1:29  SCV  
  19  1:41  SCV  
  20  1:54  Barracks  
  20  2:12  Supply Depot  
  20  2:16  Marine  
  20  2:21  SCV  
  22  2:32  Refinery  
  22  2:34  SCV, Marine  
  24  2:40  Supply Depot  
  24  2:46  SCV  
  25  2:53  Bunker  
  25  2:59  SCV  
  25  3:04  Supply Depot  
  26  3:15  Marine  
  26  3:17  Marine  
  28  3:21  SCV  
  29  3:28  Barracks  
  29  3:33  SCV, Marine  
  31  3:35  Marine, Command Center  
  32  3:45  SCV  
  33  4:02  Ghost Academy  
  33  4:12  SCV  
  34  4:17  Factory  
  34  4:24  SCV, Marine x2  
  35  4:25  Marine  
  38  4:36  SCV  
  39  4:42  Marine x2  
  39  4:43  Factory, Marine  
  42  4:50  Engineering Bay  
  42  4:58  SCV  
  43  5:00  SCV  
  44  5:10  SCV  
  44  5:12  SCV  
  46  5:17  Marine x3  
  49  5:22  SCV  
  49  5:25  SCV  
  51  5:32  Bunker  
  51  5:35  Marine x3  
  53  5:38  Armory  
  54  5:45  Factory Tech Lab  
  54  5:47  Factory Tech Lab  
  54  5:55  Starport  
  54  6:02  Marine  
  54  6:03  Marine  
  52  6:11  Marine  
  49  6:20  Marine x2  
  49  6:29  Marine  
  42  6:38  Marine x2  
  44  6:47  Marine  
  45  6:56  Marine x2, Supply Depot  
  45  6:58  SCV  
  45  7:01  Orbital Command  
  48  7:05  Marine  
  49  7:10  SCV  
  49  7:14  Marine  
  49  7:15  Terran Infantry Weapons Level 1  
  51  7:18  Supply Depot  
  51  7:19  Thor  
  57  7:27  Siege Tank  
  60  7:40  SCV, Supply Depot  
  60  7:43  SCV  
  62  8:09  Supply Depot  
  62  8:10  Barracks Reactor  
  62  8:32  Supply Depot  
  62  8:38  SCV  
  63  8:41  SCV  
  63  8:47  Refinery  
  64  8:50  SCV  
  64  8:53  SCV  
  64  8:55  Supply Depot  
  66  9:02  SCV  
  67  9:05  SCV  
  68  9:13  Refinery  
  68  9:15  Liberator  
  71  9:41  Starport  
Show
View Real Time Build Order
Export as new Build Order

Nimgalad Protoss 

Build Orders:  

Get SALT Encoding   

  12  0:02  Probe (Chrono Boost)  
  13  0:13  Probe (Chrono Boost)  
  14  0:22  Pylon  
  14  0:23  Probe (Chrono Boost)  
  15  0:30  Assimilator  
  15  0:41  Probe (Chrono Boost)  
  16  0:48  Gateway  
  16  0:51  Probe (Chrono Boost)  
  17  1:02  Probe (Chrono Boost)  
  18  1:08  Assimilator  
  18  1:12  Probe (Chrono Boost)  
  18  1:16  Forge  
  19  1:23  Probe (Chrono Boost)  
  20  1:30  Gateway  
  20  1:36  Probe (Chrono Boost)  
  20  1:38  Zealot  
  23  1:50  Pylon  
  23  2:04  Cybernetics Core  
  23  2:08  Protoss Ground Weapons Level 1, Probe (Chrono Boost)  
  24  2:30  Zealot  
  24  2:35  Probe (Chrono Boost)  
  27  2:48  Warp Gate  
  27  2:53  Nexus  
  27  2:59  Pylon  
  27  3:10  Stalker  
  28  3:33  Stalker  
  30  3:40  Stalker  
  32  3:45  Pylon  
  32  3:50  Probe (Chrono Boost)  
  33  4:02  Probe (Chrono Boost)  
  34  4:03  Stalker  
  34  4:06  Protoss Shields Level 1  
  36  4:11  Probe (Chrono Boost)  
  36  4:14  Probe (Chrono Boost)  
  38  4:22  Stalker  
  40  4:34  Stargate  
  40  4:38  Probe (Chrono Boost)  
  41  4:39  Probe (Chrono Boost)  
  42  4:49  Probe (Chrono Boost)  
  43  4:58  Twilight Council  
  44  5:00  Probe (Chrono Boost)  
  44  5:04  Probe (Chrono Boost)  
  44  5:07  Assimilator  
  45  5:10  Probe (Chrono Boost)  
  46  5:16  Gateway, Probe (Chrono Boost)  
  47  5:21  Stalker  
  47  5:25  Stalker  
  52  5:28  Probe (Chrono Boost)  
  52  5:30  Oracle  
  55  5:36  Probe (Chrono Boost)  
  55  5:40  Assimilator  
  56  5:46  Probe (Chrono Boost)  
  58  5:57  Probe (Chrono Boost)  
  58  5:59  Stalker  
  58  6:00  Stalker  
  52  6:16  Blink  
  50  6:26  Stalker x2  
  54  6:33  Oracle  
  57  6:47  Stalker  
  59  7:07  Stalker x2  
  62  7:26  Probe (Chrono Boost)  
  62  7:27  Probe (Chrono Boost)  
  61  7:34  Pylon  
  61  7:35  Pylon  
  61  7:36  Probe (Chrono Boost)  
  62  7:37  Gateway  
  62  7:39  Gateway  
  62  7:49  Nexus  
  62  7:51  Oracle, Pylon  
  62  7:54  Pylon  
  62  7:56  Stalker  
  62  7:57  Stalker x2  
  71  8:03  Pylon  
  71  8:27  Protoss Ground Weapons Level 2  
  68  8:42  Oracle  
  68  8:47  Stalker  
  68  8:48  Stalker x2  
  77  8:56  Pylon  
  75  9:44  Zealot  
  75  9:45  Zealot x4  
Show
View Real Time Build Order
Export as new Build Order

Aragarn Terran 

Build Orders:  

Get SALT Encoding   

  12  0:02  SCV  
  13  0:15  SCV  
  14  0:27  SCV  
  15  0:39  Supply Depot  
  15  0:50  Refinery  
  15  1:01  SCV  
  16  1:08  Barracks  
  16  1:13  SCV  
  17  1:20  Refinery  
  18  1:25  SCV  
  18  1:37  SCV  
  19  1:46  Barracks  
  19  1:49  SCV  
  20  2:02  SCV, Marine  
  22  2:14  SCV  
  23  2:32  Marine  
  22  2:41  Marine  
  23  2:49  Command Center  
  23  2:54  Marine  
  23  3:08  Supply Depot  
  23  3:13  Supply Depot  
  23  3:17  SCV  
  23  3:29  Marine x2  
  26  3:35  Supply Depot  
  26  3:38  Orbital Command  
  25  3:47  Marine  
  26  3:56  Barracks Tech Lab  
  26  4:06  SCV  
  26  4:08  Bunker  
  27  4:12  SCV  
  27  4:16  Marine x2  
  30  4:19  SCV  
  31  4:24  SCV  
  31  4:31  SCV  
  33  4:34  Marine x2  
  33  4:37  SCV  
  36  4:43  SCV  
  37  4:49  SCV  
  37  4:52  Marine x2  
  40  4:55  SCV  
  41  5:01  SCV  
  42  5:07  SCV  
  42  5:09  Refinery, Marine  
  42  5:10  Marine  
  42  5:11  Refinery  
  42  5:13  SCV  
  46  5:19  SCV  
  47  5:25  SCV  
  47  5:27  Marine x2  
  50  5:31  SCV  
  47  5:37  SCV  
  47  5:43  Supply Depot  
  47  5:45  Marine x2  
  47  5:48  Supply Depot  
  49  5:51  SCV  
  47  6:03  SCV, Marine x2  
  49  6:15  SCV  
  50  6:21  Marine x2  
  52  6:27  SCV  
  53  6:38  Marine  
  53  6:39  Barracks, Marine  
  55  6:42  Barracks, Engineering Bay  
  56  6:54  SCV x2  
  56  6:56  Marine x2  
  59  7:06  SCV x2  
  61  7:14  Marine  
  62  7:25  Supply Depot  
  62  7:28  Marine  
  62  7:29  SCV x2, Supply Depot  
  65  7:32  Marine  
  65  7:35  Stimpack  
  66  7:38  Terran Infantry Weapons Level 1  
  66  7:41  SCV x2  
  68  7:46  Marine  
  68  7:47  Marine x2, Supply Depot  
  68  7:50  Marine  
  72  7:53  SCV x2, Supply Depot  
  74  8:00  Supply Depot  
  74  8:02  Supply Depot  
  74  8:04  Marine x2  
  74  8:05  SCV, Marine  
  78  8:07  Marine  
  78  8:08  Supply Depot  
  79  8:15  Supply Depot  
  79  8:17  SCV  
  79  8:22  Marine x3  
  79  8:25  Marine  
  83  8:29  SCV  
  84  8:40  Marine x2  
  87  8:43  Marine  
  70  8:52  SCV  
  63  8:57  Marine  
  63  8:58  Marine  
  63  9:01  Marine  
  57  9:15  Marine  
  57  9:16  Marine  
  51  9:19  Marine  
  36  9:33  Marine  
  36  9:34  Marine  
  36  9:37  Marine  
  39  9:45  Command Center  
  39  9:51  Marine x2  
  40  10:09  Marine x2  
  39  10:27  Marine x2  
Show
View Real Time Build Order
Export as new Build Order

Loken Protoss - Winner!

Build Orders: 1 Gate Expand 

Get SALT Encoding   

  12  0:01  Probe (Chrono Boost)  
  13  0:11  Probe (Chrono Boost)  
  14  0:23  Pylon  
  14  0:24  Probe (Chrono Boost)  
  15  0:41  Probe (Chrono Boost)  
  16  0:44  Gateway  
  16  0:51  Probe (Chrono Boost)  
  17  1:02  Probe (Chrono Boost)  
  18  1:17  Nexus  
  18  1:21  Probe (Chrono Boost)  
  19  1:33  Cybernetics Core  
  19  1:36  Assimilator  
  19  1:40  Assimilator  
  19  1:43  Probe (Chrono Boost)  
  20  1:52  Pylon  
  20  1:54  Probe (Chrono Boost)  
  21  2:05  Probe (Chrono Boost)  
  22  2:12  Warp Gate  
  22  2:16  Adept, Probe (Chrono Boost)  
  25  2:26  Probe (Chrono Boost)  
  25  2:29  Probe (Chrono Boost)  
  27  2:37  Probe (Chrono Boost)  
  28  2:40  Probe (Chrono Boost)  
  28  2:42  Pylon  
  29  2:47  Probe (Chrono Boost)  
  30  2:53  Probe (Chrono Boost)  
  30  2:58  Probe (Chrono Boost)  
  32  3:03  Twilight Council, Probe (Chrono Boost)  
  33  3:07  Pylon  
  33  3:08  Probe (Chrono Boost)  
  34  3:14  Probe (Chrono Boost)  
  35  3:23  Robotics Facility  
  35  3:24  Probe (Chrono Boost)  
  35  3:26  Probe (Chrono Boost)  
  37  3:33  Forge  
  37  3:34  Probe (Chrono Boost)  
  37  3:35  Resonating Glaives  
  37  3:37  Probe (Chrono Boost)  
  39  3:45  Probe (Chrono Boost)  
  39  3:47  Probe (Chrono Boost)  
  41  3:50  Gateway  
  41  3:53  Gateway  
  41  3:55  Protoss Ground Weapons Level 1  
  42  3:56  Probe (Chrono Boost)  
  42  3:58  Probe (Chrono Boost)  
  43  4:05  Gateway  
  43  4:21  Warp Prism  
  45  4:26  Gateway  
  45  4:27  Gateway  
  45  4:44  Gateway  
  45  4:50  Gateway  
  45  4:52  Pylon  
  45  4:57  Pylon  
  45  5:06  Adept  
  47  5:07  Adept x3  
  53  5:31  Pylon x2  
  53  5:33  Pylon  
  53  5:35  Pylon  
  53  5:37  Pylon x2  
  53  5:39  Pylon  
  53  5:40  Pylon  
  53  5:52  Adept x5  
  53  5:53  Adept  
  55  6:24  Protoss Ground Weapons Level 2  
  47  6:38  Warp Prism  
  45  6:41  Blink  
  45  6:46  Stalker x4  
  45  6:47  Stalker x2  
  48  6:48  Stalker x2  
  51  7:07  Photon Cannon  
  52  7:10  Probe (Chrono Boost)  
  52  7:14  Probe (Chrono Boost)  
  53  7:16  Pylon  
  53  7:19  Assimilator  
  53  7:22  Probe (Chrono Boost)  
  51  7:23  Assimilator  
  51  7:26  Probe (Chrono Boost)  
  51  7:34  Probe (Chrono Boost)  
  53  7:37  Stalker x3  
  53  7:38  Stalker x4, Probe (Chrono Boost)  
  67  7:46  Probe (Chrono Boost)  
  67  7:50  Probe (Chrono Boost)  
  69  7:58  Probe (Chrono Boost)  
  70  8:02  Probe (Chrono Boost)  
  71  8:10  Probe (Chrono Boost)  
  73  8:14  Probe (Chrono Boost)  
  70  8:22  Probe (Chrono Boost)  
  70  8:23  Photon Cannon  
  70  8:26  Probe (Chrono Boost)  
  65  8:34  Probe (Chrono Boost)  
  65  8:40  Photon Cannon  
  65  8:46  Probe (Chrono Boost)  
  66  8:59  Probe (Chrono Boost)  
  67  9:04  Stalker  
  67  9:05  Stalker x5  
  67  9:06  Stalker x2  
  84  9:11  Probe (Chrono Boost)  
  84  9:23  Probe (Chrono Boost)  
  85  9:37  Nexus  
  85  9:45  Stalker x4  
  91  10:00  Stalker x2  
  91  10:01  Stalker  
  77  10:29  Stalker  
  77  10:30  Stalker x3  
Show
View Real Time Build Order
Export as new Build Order

Rugi Terran - Winner!

Build Orders: Reaper Expand, MMM Bio 

Get SALT Encoding   

  12  0:00  SCV  
  13  0:13  SCV  
  14  0:20  Supply Depot  
  14  0:25  SCV  
  15  0:42  SCV  
  16  0:44  Barracks  
  16  0:45  Refinery  
  16  0:54  SCV  
  17  1:06  SCV  
  18  1:18  SCV  
  19  1:32  Orbital Command, Reaper  
  20  1:42  Command Center  
  20  1:51  Barracks  
  20  1:58  SCV  
  21  2:02  Supply Depot  
  21  2:04  Barracks Reactor  
  21  2:10  SCV  
  22  2:17  Refinery  
  22  2:40  Marine  
  22  2:41  Marine, Barracks Tech Lab  
  24  2:47  Factory  
  24  2:57  SCV  
  24  2:58  Orbital Command  
  25  3:01  Marine x2  
  25  3:02  Marine  
  25  3:03  Stimpack  
  27  3:09  SCV  
  28  3:21  SCV  
  28  3:22  Marine  
  28  3:23  Marine x2  
  28  3:26  SCV  
  33  3:32  Starport  
  33  3:33  SCV, Factory Reactor  
  34  3:41  Marine  
  34  3:42  Marine x2  
  34  3:47  SCV  
  34  3:48  SCV  
  39  3:54  Supply Depot  
  39  3:59  SCV, Marine  
  39  4:00  SCV  
  36  4:04  Marine x2  
  38  4:11  SCV  
  38  4:12  SCV  
  40  4:17  Marine, Medivac  
  40  4:18  Supply Depot  
  40  4:22  Marine x2  
  40  4:23  SCV  
  44  4:24  SCV  
  44  4:26  Widow Mine  
  47  4:35  SCV, Marine, Engineering Bay  
  47  4:36  SCV  
  48  4:43  Marine x2  
  50  4:47  SCV  
  50  4:48  SCV  
  52  4:53  Marine  
  52  4:59  SCV  
  54  5:04  Marine x2  
  56  5:10  Marine  
  54  5:24  SCV x2  
  53  5:33  Marine x3  
  55  5:36  SCV  
  55  5:37  SCV  
  55  5:38  Terran Infantry Weapons Level 1  
  55  5:39  Barracks  
  55  5:40  Missile Turret, Barracks  
  55  5:41  Barracks  
  57  5:46  Missile Turret  
  57  5:49  SCV x2, Medivac, Supply Depot x2  
  61  5:50  Marine  
  62  6:10  Widow Mine, Marine x2  
  62  6:11  SCV x2, Medivac  
  69  6:37  Marauder, Marine x2  
  69  6:38  SCV  
  69  6:39  Barracks Reactor  
  74  6:40  Barracks Reactor, Barracks Tech Lab  
  70  6:51  Medivac x2  
  70  6:52  SCV x2  
  76  6:55  Marine x2  
  76  6:59  Refinery  
  78  7:12  Barracks  
  78  7:13  Barracks, Command Center  
  78  7:17  Supply Depot  
  78  7:18  Marauder, Marine x3  
  78  7:19  SCV, Supply Depot  
  78  7:21  Refinery  
  84  7:23  Combat Shields  
  84  7:25  Marine x2  
  86  7:35  Supply Depot  
  86  7:38  Marine x2  
  86  7:43  Supply Depot  
  88  7:45  Marine x3  
  88  7:46  Marauder, Marine x2  
  95  7:54  SCV  
  95  7:56  Marine  
  97  8:01  Marine  
  97  8:03  Marine x2  
  97  8:04  Marauder, Barracks Tech Lab  
  97  8:05  Barracks Reactor  
  102  8:06  Factory Reactor  
  102  8:09  Marauder, Marine x2  
  106  8:14  Marine  
  107  8:24  Marine x2  
  107  8:25  Marauder, Marine  
  107  8:26  Marauder, Marine  
  107  8:27  Marine  
  114  8:29  Medivac x2  
  119  8:42  Liberator  
  116  9:13  Marauder, Marine x5  
  116  9:14  Marauder  
  125  9:19  Marauder, Marine x3  
  129  9:24  Supply Depot  
  129  9:31  Marine x3  
  129  9:37  Marine x2  
  129  9:38  Marauder, Marine x2  
  130  9:41  Missile Turret  
  128  9:58  Marine  
  128  9:59  Marauder x2, Marine x7  
  139  10:00  Marine  
  139  10:02  SCV x2  
  139  10:04  Orbital Command  
  143  10:20  Marine x2  
  143  10:21  Marauder x3, Marine x6  
Show
View Real Time Build Order
Export as new Build Order

Myran Protoss - Winner!

Build Orders:  

Get SALT Encoding   

  12  0:01  Probe (Chrono Boost)  
  13  0:11  Probe (Chrono Boost)  
  14  0:22  Pylon, Probe (Chrono Boost)  
  15  0:40  Probe (Chrono Boost)  
  16  0:46  Forge  
  16  0:58  Gateway  
  16  1:00  Probe (Chrono Boost)  
  17  1:09  Assimilator  
  17  1:10  Probe (Chrono Boost)  
  18  1:14  Pylon  
  18  1:21  Probe (Chrono Boost)  
  19  1:35  Photon Cannon  
  19  1:41  Probe (Chrono Boost)  
  19  1:45  Assimilator  
  20  1:48  Zealot  
  20  1:51  Probe (Chrono Boost)  
  23  2:00  Cybernetics Core  
  23  2:05  Gateway  
  23  2:06  Probe (Chrono Boost)  
  24  2:26  Probe (Chrono Boost)  
  25  2:41  Nexus  
  25  2:46  Pylon  
  25  2:49  Probe (Chrono Boost)  
  26  2:57  Stalker  
  28  3:03  Zealot  
  30  3:13  Warp Gate  
  30  3:14  Probe (Chrono Boost)  
  31  3:28  Pylon  
  31  3:33  Probe (Chrono Boost)  
  32  3:35  Stalker  
  34  3:41  Photon Cannon  
  34  3:42  Zealot  
  34  3:48  Probe (Chrono Boost)  
  37  3:58  Probe (Chrono Boost)  
  38  4:04  Pylon  
  38  4:08  Stalker  
  38  4:09  Probe (Chrono Boost)  
  41  4:12  Zealot  
  41  4:16  Probe (Chrono Boost)  
  44  4:26  Probe (Chrono Boost)  
  44  4:27  Probe (Chrono Boost)  
  46  4:35  Assimilator  
  46  4:37  Assimilator  
  46  4:38  Probe x2 (Chrono Boost)  
  49  4:52  Probe (Chrono Boost)  
  49  4:54  Photon Cannon  
  49  4:57  Stalker  
  49  4:59  Zealot  
  53  5:02  Probe (Chrono Boost)  
  54  5:13  Probe (Chrono Boost)  
  55  5:17  Probe (Chrono Boost)  
  56  5:23  Probe (Chrono Boost)  
  56  5:28  Probe (Chrono Boost)  
  58  5:29  Gateway  
  58  5:30  Gateway  
  58  5:39  Robotics Facility  
  58  5:42  Pylon  
  58  5:46  Pylon  
  58  5:47  Zealot x2  
  62  5:57  Probe (Chrono Boost)  
  62  6:00  Probe (Chrono Boost)  
  64  6:08  Probe (Chrono Boost)  
  64  6:10  Probe (Chrono Boost)  
  66  6:25  Stalker x2  
  68  6:26  Stalker  
  72  6:33  Protoss Air Weapons Level 1  
  72  6:36  Immortal  
  76  6:47  Twilight Council  
  76  7:07  Stalker  
  76  7:08  Stalker  
  80  7:09  Stalker x2  
  84  7:28  Pylon  
  84  7:31  Photon Cannon  
  84  7:40  Charge  
  84  7:42  Pylon  
  84  7:45  Pylon  
  84  7:46  Immortal  
  88  8:11  Stalker  
  88  8:12  Stalker x2  
  93  8:13  Stalker  
  95  8:30  Photon Cannon  
  94  8:42  Photon Cannon  
  94  8:44  Pylon  
  94  8:48  Zealot x3  
  96  8:49  Zealot, Pylon  
  96  8:55  Observer  
  103  9:16  Immortal  
  107  9:20  Stalker x4  
  115  9:26  Pylon  
  55  10:36  Stalker x2  
  55  10:37  Stalker  
  55  10:38  Stalker  
Show
View Real Time Build Order
Export as new Build Order

dallaskuken Protoss - Winner!

Build Orders: 1 Gate Expand 

Get SALT Encoding   

  12  0:01  Probe (Chrono Boost)  
  13  0:11  Probe (Chrono Boost)  
  14  0:21  Pylon  
  14  0:32  Probe (Chrono Boost)  
  15  0:40  Gateway  
  15  0:43  Probe (Chrono Boost)  
  16  0:52  Assimilator  
  16  0:53  Probe (Chrono Boost)  
  17  1:15  Probe (Chrono Boost)  
  18  1:29  Nexus  
  18  1:30  Probe (Chrono Boost)  
  19  1:40  Probe (Chrono Boost)  
  19  1:41  Cybernetics Core  
  20  1:51  Probe (Chrono Boost)  
  21  2:00  Assimilator  
  21  2:02  Probe (Chrono Boost)  
  21  2:03  Warp Gate  
  22  2:11  Pylon  
  22  2:13  Probe (Chrono Boost)  
  23  2:29  Zealot  
  25  2:33  Mothership Core (Chrono Boost)  
  27  2:42  Probe (Chrono Boost)  
  28  2:52  Pylon, Probe (Chrono Boost)  
  29  3:02  Pylon  
  29  3:03  Probe (Chrono Boost)  
  30  3:13  Probe (Chrono Boost)  
  31  3:24  Probe (Chrono Boost)  
  32  3:32  Zealot  
  33  3:43  Probe x2 (Chrono Boost)  
  35  3:54  Probe (Chrono Boost)  
  35  3:55  Probe (Chrono Boost)  
  37  3:57  Stargate  
  37  4:04  Probe (Chrono Boost)  
  37  4:07  Probe (Chrono Boost)  
  39  4:14  Gateway  
  39  4:15  Gateway, Probe (Chrono Boost)  
  40  4:18  Gateway  
  40  4:19  Probe (Chrono Boost)  
  41  4:25  Probe (Chrono Boost)  
  43  4:31  Probe (Chrono Boost)  
  43  4:36  Forge, Probe (Chrono Boost)  
  44  4:42  Oracle  
  44  4:43  Probe (Chrono Boost)  
  48  4:46  Probe (Chrono Boost)  
  49  4:55  Probe (Chrono Boost)  
  49  4:57  Probe (Chrono Boost)  
  51  5:00  Assimilator  
  51  5:04  Assimilator  
  43  6:19  Stalker x3  
  43  6:20  Stalker  
  43  6:21  Oracle  
  54  6:43  Pylon  
  54  6:45  Pylon x2  
  54  6:47  Pylon  
  54  6:49  Pylon  
  54  6:59  Photon Cannon  
  55  7:02  Stalker, Photon Cannon, Probe (Chrono Boost)  
  55  7:04  Stalker  
  55  7:05  Stalker  
  61  7:15  Probe (Chrono Boost)  
  62  7:19  Photon Cannon  
  62  7:20  Photon Cannon, Probe (Chrono Boost)  
  62  7:22  Photon Cannon  
  63  7:24  Photon Cannon  
  63  7:27  Probe (Chrono Boost)  
  64  7:30  Probe (Chrono Boost)  
  64  7:31  Stalker x2, Stargate  
  64  7:34  Stargate  
  69  7:37  Stargate  
  69  7:39  Probe (Chrono Boost)  
  70  8:11  Void Ray  
  70  8:17  Void Ray  
  78  8:30  Void Ray x2  
  81  8:48  Void Ray  
  85  9:02  Void Ray  
  83  9:12  Void Ray  
  83  9:13  Void Ray  
  77  9:26  Void Ray  
  81  9:45  Void Ray  
  81  9:55  Void Ray x2  
  89  10:03  Void Ray  
Tags
 
Add a new tag
Caveats
  • Supply blocks, unpowered buildings, or Contaminate may cause inaccurate times.
  • Supply counts are checked every 10 seconds.